 Dungeon Crawl Stone Soup version 0.32-a0-485-g70f7560 (webtiles) character file.

Game seed: 2561120871241713410

1708 Remcycle the Cleaver (level 8, -1/56 (63) HPs)
             Began as a Grey Draconian Monk on Feb 26, 2024.
             Slain by a wight
             ... wielding a +5 dagger of freezing
              (5 damage)
             ... on level 6 of the Dungeon.
             The game lasted 00:09:42 (4878 turns).

Remcycle the Cleaver (Grey Draconian Monk)          Turns: 4878, Time: 00:09:42

HP:   -1/56 (63)    AC: 11    Str: 15    XL:     8   Next: 73%
MP:   8/8           EV: 22    Int: 12    God:
Gold: 365           SH:  0    Dex: 13    Spells: 7/7 levels left

rFire   + . .        a - +0 hand axe
rCold   + . .        c - orb {light}
rNeg    . . .        (body armour unavailable)
rPois   +            (helmet restricted)
rElec   +            (no cloak)
rCorr   +            (no gloves)
SInv    .            (no boots)
Will    .....        (no amulet)
Stlth   +            f - +5 ring of evasion
HPRegen 0.29/turn    o - +5 ring of evasion
MPRegen 0.11/turn

%: no passive effects
@: resistant, attractive, glowing, heavily drained
A: AC +11, amphibious, unfitting armour, cold-blooded
a: no special abilities


You were on level 6 of the Dungeon.
You visited 1 branch of the dungeon, and saw 6 of its levels.

You collected 365 gold pieces.

Inventory:

Hand Weapons
 a - a +0 hand axe (weapon)
Armour
 c - an orb of light (worn)
Jewellery
 f - a +5 ring of evasion (left hand)
 o - a +5 ring of evasion (right hand)
 p - a ring of fire
Wands
 b - a wand of roots (12)
 q - a wand of charming (10)
Scrolls
 i - 2 scrolls of teleportation
 k - a scroll of fear
 m - a scroll of enchant armour
Potions
 d - a potion of berserk rage
 e - 3 potions of curing
 g - 4 potions of brilliance
 l - a potion of enlightenment {unknown}
 r - a potion of ambrosia


   Skills:
 - Level 3.2 Fighting
 + Level 11.6 Axes
 - Level 2.6 Dodging


You had 7 spell levels left.
You didn't know any spells.
Your spell library contained the following spells:

 Spells                   Type           Power      Damage    Failure   Level
 Kiss of Death            Conj/Necr      0%         2d5       32%         1
 Lesser Beckoning         Tloc           0%         N/A       45%         2
 Confusing Touch          Hex            0%         N/A       69%         3
 Gell's Gravitas          Tloc           0%         N/A       69%         3
 Hailstorm                Conj/Ice       0%         3d5       69%         3
 Summon Ice Beast         Ice/Summ       0%         N/A       69%         3
 Teleport Other           Tloc           0%         N/A       69%         3
 Volatile Blastmotes      Fire/Tloc      0%         2d10      69%         3
 Dispel Undead            Necr           0%         3d6       97%         4
 Fulminant Prism          Conj/Alch      0%         3d5       97%         4
 Iskenderun's Mystic Bla  Conj/Tloc      0%         2d3       97%         4
 Alistair's Intoxication  Alch           0%         N/A       100%        5
 Borgnjor's Vile Clutch   Necr/Erth      0%         N/A       100%        5
 Eringya's Noxious Bog    Alch           0%         4d6       100%        6
 Sculpt Simulacrum        Ice/Alch       0%         N/A       100%        6


Dungeon Overview and Level Annotations

Branches:
Dungeon (6/15)
 Temple: D:4-7

Altars:
Cheibriados
Elyvilon
Makhleb
Ru
Zin
The Shining One

Annotations:
D:6 2 transporters, tlatlagkaus's ghost, novice OpAl


Innate Abilities, Weirdness & Mutations

Your dull iron-grey scales are very hard. (AC +11)
You are amphibious.
You cannot fit into any form of body armour.
You are cold-blooded and may be slowed by cold attacks.


Message History

The wight is severely damaged.
You hit the wight but do no damage. The wight misses you.
The wight hits you with a +5 dagger of freezing!
You feel drained.
You feel yourself slow down. The wight freezes you.
You are too injured to fight recklessly!
You are too injured to fight recklessly!
You are too injured to fight recklessly!
You hit the wight.
The wight is moderately damaged.
You hit the wight but do no damage. The wight barely misses you. x2
You hit the wight.
The wight is heavily damaged.
You hit the wight but do no damage.
You feel yourself speed up. The wight misses you. x2
You hit the wight but do no damage.
The wight is heavily damaged.
You hit the wight but do no damage. The wight misses you.
The wight hits you with a +4 dagger.
You feel drained.
You hit the wight but do no damage.
The wight is heavily damaged.
You hit the wight but do no damage.
The wight hits you with a +5 dagger of freezing.
* * * LOW HITPOINT WARNING * * *
You feel drained.
You feel yourself slow down. The wight freezes you.
* * * LOW HITPOINT WARNING * * *
The wight completely misses you.
It was a potion of attraction.
You feel attractive to monsters.
The wight hits you with a +5 dagger of freezing!
* * * LOW HITPOINT WARNING * * *
You feel drained.
* * * LOW HITPOINT WARNING * * *
The wight freezes you.
* * * LOW HITPOINT WARNING * * *
The wight barely misses you.
It was a potion of resistance.
You feel protected.
You feel yourself speed up.
The wight hits you with a +5 dagger of freezing.
You die...

#...................###..
#.#.####.#########.## #..
#.#.# #.# #.# #.. #.#.#
#.# #.# ##. #.#.# #.# #.#
** #.#.# #.# #.#
#.#.#**#.# #.#*****
#....,,#.## #.#,,,,,
**,,,*,#@z##******,*,****
*,***,#.#z......,,,*,*
*,* *,##.z.#####****,*
*,***,*,#..# *,*
**,,,*,*#..# *,*
*****,*#..# *,* *,*#..#
*****,*
*,*#..#****,,,,,****
*,*#..#*,,,,,,,,,,,,


You could see 3 wights.

Vanquished Creatures
  Sigmund (D:6)
  Menkaure (D:6)
  Edmund (D:5)
  The ghost of Lovepenguin the Conjurer, an amateur DECj (D:4)
  An ice beast (D:6)
  2 ogres
  A centaur (D:6)
  A phantom (D:5)
  Blork the orc (D:6)
  A scorpion (D:5)
  A wight (D:6)
  A howler monkey (D:6)
  3 bombardier beetles
  2 hounds (D:6)
  2 orc priests (D:5)
  A sleepcap (D:4)
  Jessica (D:2)
  Natasha (thrice) (D:2)
  4 orc wizards (D:5)
  A gnoll (D:3)
  3 adders (D:2)
  2 ufetubi (D:6)
  2 dart slugs
  12 orcs
  6 bats
  8 endoplasms
  4 giant cockroaches
  5 goblins
  4 hobgoblins
  7 jackals
  8 kobolds
  5 quokkas
  7 ball pythons
  5 frilled lizards
  9 rats
117 creatures vanquished.

Notes
Turn   | Place    | Note
-------+----------+-------------------------------------------
     0 | D:1      | Remcycle the Draconian Monk began the quest for the Orb.
     0 | D:1      | Reached XP level 1. HP: 19/19 MP: 1/1
    53 | D:1      | Reached XP level 2. HP: 22/26 MP: 2/2
   212 | D:1      | Reached skill level 4 in Axes
   437 | D:1      | Reached XP level 3. HP: 31/31 MP: 3/3
   891 | D:2      | Noticed Natasha
   901 | D:2      | Killed Natasha
   960 | D:2      | Reached XP level 4. HP: 38/38 MP: 4/4
  1028 | D:2      | Found a glowing golden altar of the Shining One.
  1028 | D:2      | Noticed Jessica
  1035 | D:2      | Reached skill level 5 in Axes
  1035 | D:2      | Killed Jessica
  1124 | D:2      | Noticed Natasha
  1141 | D:2      | Killed Natasha
  1142 | D:2      | Reached XP level 5. HP: 12/45 MP: 5/5
  1299 | D:2      | Noticed Natasha
  1308 | D:2      | Killed Natasha
  1309 | D:2      | Reached skill level 6 in Axes
  1808 | D:3      | Found a snail-covered altar of Cheibriados.
  2319 | D:3      | Reached XP level 6. HP: 51/51 MP: 6/6
  2377 | D:3      | Reached skill level 7 in Axes
  2672 | D:4      | Found a runed translucent gate.
  2672 | D:4      | Found a runed translucent gate.
  2672 | D:4      | Found a runed translucent gate.
  2675 | D:4      | Noticed Lovepenguin's ghost (amateur DECj)
  2738 | D:4      | Found a white marble altar of Elyvilon.
  2955 | D:4      | Killed Lovepenguin's ghost
  2956 | D:4      | Reached skill level 8 in Axes
  3093 | D:5      | Entered Level 5 of the Dungeon
  3137 | D:5      | Your scales start taking on a dull iron-grey colour.
  3137 | D:5      | Reached XP level 7. HP: 53/57 MP: 7/7
  3356 | D:5      | Noticed Edmund
  3394 | D:5      | Killed Edmund
  3584 | D:5      | Reached skill level 9 in Axes
  4000 | D:5      | Found a sacrificial altar of Ru.
  4014 | D:5      | Reached XP level 8. HP: 63/63 MP: 8/8
  4279 | D:6      | Found a glowing silver altar of Zin.
  4279 | D:6      | Noticed Menkaure
  4279 | D:6      | Noticed Blork the orc
  4286 | D:6      | Killed Menkaure
  4287 | D:6      | Reached skill level 10 in Axes
  4290 | D:6      | Noticed Sigmund
  4312 | D:6      | Killed Sigmund
  4382 | D:6      | Killed Blork the orc
  4441 | D:6      | Found a burning altar of Makhleb.
  4462 | D:6      | Reached skill level 11 in Axes
  4669 | D:6      | Found a transporter.
  4707 | D:6      | Found a transporter.
  4707 | D:6      | Noticed tlatlagkaus's ghost (novice OpAl)
  4878 | D:6      | Slain by a wight

Illustrated notes

Levels and vault maps discovered:
D:1:      dpeg_arrival_court, layout_basic
D:2:      layout_loops_ring, basic_altar, uniq_jessica, uniq_natasha
D:3:      layout_loops_ring, slow_altar_2, minmay_unequal
D:4:      nicolae_BIG_FREAKIN_CUBE, layout_rooms, kennysheep_little_box,
          ebering_ghost_rock_garden
D:5:      layout_loops_ring, mainiacjoe_overflow_brackets, uniq_edmund
D:6:      layout_loops_ring, amcnicky_altar_gilded,
          mainiacjoe_overflow_concentric_impassable, gammafunk_ghost_arena,
          uniq_menkaure, uniq_blork_the_orc, uniq_sigmund

Skill      XL: |  1  2  3  4  5  6  7  8 |
---------------+-------------------------+-----
Axes           | 4 5 6 8 9 11 | 11.6
Fighting       | |  3.2
Dodging        | |  2.6

Action                     |  1- 3 |  4- 6 |  7- 9 || total
---------------------------+-------+-------+-------++-------
  Melee: Hand axe          |    90 |   177 |   244 ||   511
         Tailslap          |    11 |    37 |    43 ||    91
    Use: Potion            |       |     2 |     2 ||     4
         Scroll            |       |     3 |     6 ||     9
 Armour: Skin              |    60 |    69 |    74 ||   203
  Dodge: Dodged            |    67 |   129 |   178 ||   374

Table legend: (Time is in decaauts)
 A = Elapsed time spent in this place.
 B = Non-inter-level travel time spent in this place.
 C = Inter-level travel time spent in this place.
 D = Time resting spent in this place.
 E = Time spent auto-exploring this place.
 F = Levels seen in this place.
 G = Mean time per level.
                   A        B        C        D        E       F      G
               +--------+--------+--------+--------+--------+-----+--------+
         Total |   4868 |   4757 |    111 |    255 |   3617 |   6 |  811.3 |
       Dungeon |   4868 |   4757 |    111 |    255 |   3617 |   6 |  811.3 |
               +--------+--------+--------+--------+--------+-----+--------+

Top non-repeatable levels by time:
     D:5: 1193 daAuts
     D:2: 953 daAuts
     D:1: 800 daAuts
     D:3: 704 daAuts
     D:4: 670 daAuts
     D:6: 546 daAuts
